Map: Ruby Rock LE

Players

Gioxo - Winner!

  • Race: Protoss Protoss
  • League: Diamond
  • Spawn Location: 11:00

Solova

  • Race: Zerg Zerg
  • League: Platinum
  • Spawn Location: 5:00

VOD

Have the link to the VOD?

Description

Time

  • Played on: Dec. 4, 2025, 1:01 p.m.
  • Length: 15:30
Show
View Real Time Build Order
Export as new Build Order

Gioxo Protoss - Winner!

Build Orders: 1 Gate Expand, Colossus Rush 

Get SALT Encoding   

  1  0:00  Probe  
  12  0:04  Probe  
  14  0:19  Pylon  
  14  0:23  Probe  
  15  0:38  Gateway  
  15  0:40  Probe  
  16  0:46  Assimilator  
  16  0:55  Pylon  
  16  0:57  Probe  
  17  1:09  Probe  
  18  1:25  Nexus  
  18  1:28  Probe  
  19  1:39  Cybernetics Core  
  19  1:42  Probe  
  19  1:46  Assimilator  
  20  1:53  Pylon  
  20  1:57  Probe  
  21  2:04  Warp Gate  
  21  2:07  Gateway  
  21  2:09  Probe  
  21  2:12  Adept  
  24  2:23  Probe  
  25  2:36  Robotics Facility  
  25  2:38  Probe x2  
  27  2:46  Adept  
  27  2:50  Probe  
  30  2:52  Probe  
  30  2:57  Sentry  
  33  3:02  Probe  
  33  3:04  Probe  
  35  3:14  Probe  
  35  3:16  Probe, Adept  
  39  3:23  Pylon  
  39  3:26  Probe  
  40  3:28  Probe  
  40  3:30  Robotics Bay  
  41  3:37  Assimilator  
  41  3:39  Probe  
  41  3:40  Probe  
  43  3:44  Observer  
  44  3:51  Probe  
  44  3:52  Probe  
  46  3:57  Assimilator  
  46  3:58  Zealot x2  
  50  4:03  Probe  
  50  4:05  Probe  
  50  4:06  Pylon  
  52  4:10  Pylon  
  52  4:22  Colossus, Stalker x2  
  52  4:30  Probe x2  
  60  4:44  Extended Thermal Lance  
  60  4:47  Stalker x2  
  60  4:51  Twilight Council  
  62  4:54  Pylon  
  62  4:57  Gateway  
  62  5:00  Probe x2  
  64  5:07  Pylon  
  64  5:12  Probe  
  65  5:17  Charge  
  65  5:27  Forge  
  65  5:29  Forge  
  65  5:30  Zealot x2  
  69  5:46  Nexus  
  69  5:47  Protoss Ground Weapons Level 1  
  69  5:51  Pylon, Protoss Ground Armor Level 1  
  69  5:53  Zealot x2  
  73  6:00  Observer  
  74  6:05  Stargate  
  74  6:08  Stargate  
  74  6:22  Templar Archives  
  74  6:29  Zealot x2  
  74  6:30  Zealot  
  80  6:39  Colossus  
  86  6:43  Probe  
  86  6:44  Probe  
  88  6:47  Pylon  
  88  6:52  Photon Cannon  
  88  6:54  Photon Cannon  
  88  7:00  Probe  
  88  7:01  Probe x2  
  91  7:04  High Templar  
  91  7:08  High Templar  
  95  7:10  Assimilator  
  95  7:12  Probe  
  95  7:13  Probe x2  
  95  7:14  Assimilator  
  98  7:17  Zealot  
  98  7:22  Psionic Storm, Gateway  
  100  7:23  Gateway  
  100  7:26  Pylon  
  100  7:33  Observer  
  100  7:34  Protoss Ground Weapons Level 2  
  101  7:39  Probe x3  
  104  7:49  Zealot x2  
  104  7:50  Zealot  
  104  7:51  Probe x3  
  113  8:03  Probe x2  
  113  8:04  Probe  
  113  8:05  Protoss Ground Armor Level 2  
  116  8:09  Robotics Facility x2  
  116  8:16  Pylon  
  116  8:22  Fleet Beacon  
  116  8:36  High Templar  
  116  8:39  High Templar  
  116  8:41  Zealot x3  
  124  9:04  Zealot  
  124  9:05  Zealot x2  
  130  9:12  Colossus  
  130  9:13  Colossus  
  116  9:33  High Templar  
  116  9:34  Zealot x4  
  122  9:48  Probe x2  
  122  9:49  Probe  
  125  10:11  Pylon x2  
  125  10:28  Probe x2  
  125  10:29  Probe  
  124  10:36  Protoss Ground Weapons Level 3  
  124  10:37  Protoss Ground Armor Level 3  
  124  10:40  Probe x2  
  124  10:41  Probe  
  94  10:52  Probe x2  
  94  10:53  Zealot x5, Probe  
  101  11:04  Probe x2  
  101  11:05  Probe  
  96  11:16  Probe x2  
  96  11:17  Probe  
  91  11:20  Archon  
  89  11:28  Probe x2  
  89  11:29  Colossus x3  
  105  11:37  Tempest  
  105  11:39  Tempest  
  105  11:52  Zealot x3  
  99  12:06  Robotics Facility  
  99  12:08  Robotics Facility  
  99  12:10  Stargate  
  99  12:14  Photon Cannon  
  99  12:16  Photon Cannon  
  99  12:22  Blink, Protoss Air Weapons Level 1  
  99  12:26  Zealot x3  
  105  12:36  Observer x2  
  107  12:40  High Templar  
  107  12:41  Zealot  
  111  12:49  High Templar  
  111  12:50  Zealot x2  
  117  12:56  Gateway  
  117  12:57  Gateway  
  117  12:58  Immortal  
  121  12:59  Gateway  
  121  13:11  Zealot x3  
  127  13:20  Unknown  
  127  13:25  Colossus x2  
  137  13:39  Nexus  
  125  13:45  Zealot  
  125  13:46  Zealot x4  
  131  13:54  Tempest  
  135  14:05  Pylon  
  135  14:07  Pylon  
  135  14:10  Tempest, Assimilator  
  135  14:14  Assimilator  
  139  14:23  Colossus  
  123  14:45  Tempest  
  123  14:48  High Templar x2  
  143  14:56  Probe x4  
  147  15:05  Observer  
  148  15:08  Probe  
  149  15:26  Zealot x6  
Show
View Real Time Build Order
Export as new Build Order

Solova Zerg 

Build Orders: Hatch First, Lurkers 

Get SALT Encoding   

  12  0:01  Drone  
  13  0:12  Overlord  
  13  0:17  Drone  
  14  0:31  Drone x2  
  16  0:51  Drone  
  16  0:53  Drone  
  18  1:01  Hatchery  
  18  1:04  Drone  
  18  1:07  Extractor  
  17  1:16  Drone  
  18  1:20  Spawning Pool  
  18  1:22  Drone  
  18  1:29  Drone  
  19  1:40  Drone  
  20  1:51  Drone  
  21  2:01  Overlord  
  21  2:14  Drone  
  21  2:15  Zergling x2, Queen  
  23  2:16  Queen  
  23  2:21  Metabolic Boost  
  27  2:32  Hatchery  
  27  2:36  Drone  
  27  2:40  Drone x2  
  29  2:48  Drone x2  
  31  2:53  Overlord  
  31  3:07  Drone x2  
  31  3:10  Drone x2  
  35  3:17  Overlord  
  35  3:20  Drone  
  35  3:21  Queen  
  38  3:31  Drone  
  38  3:32  Drone  
  40  3:35  Zergling x6  
  43  3:43  Drone  
  43  3:47  Zergling x4  
  46  3:56  Zergling x4, Overlord  
  46  4:02  Queen  
  48  4:03  Queen  
  48  4:05  Overlord, Drone  
  48  4:06  Drone  
  54  4:20  Drone x3  
  56  4:36  Roach Warren  
  55  4:40  Lair  
  54  4:46  Zergling x14  
  54  4:47  Zergling x4  
  54  4:52  Zergling x4  
  62  4:56  Queen  
  62  4:57  Queen  
  66  5:00  Zergling x4  
  66  5:03  Zergling x2  
  69  5:13  Evolution Chamber  
  68  5:14  Evolution Chamber  
  67  5:25  Hatchery  
  67  5:28  Extractor  
  65  5:29  Spore Crawler  
  65  5:30  Extractor  
  65  5:31  Spore Crawler  
  62  5:43  Drone  
  62  5:44  Drone x5  
  62  5:45  Drone x5  
  62  5:46  Drone  
  73  6:15  Overlord x3  
  73  6:16  Overlord  
  73  6:17  Hatchery  
  72  6:20  Zerg Ground Armor Level 1, Zerg Missile Weapons Level 1  
  72  6:29  Extractor, Queen  
  72  6:30  Extractor  
  72  6:40  Drone x2  
  72  6:44  Drone x2  
  72  6:45  Drone x9  
  85  6:50  Glial Reconstitution  
  85  6:57  Drone x4  
  89  7:08  Spore Crawler  
  88  7:10  Drone x6  
  88  7:11  Drone  
  95  7:23  Hydralisk Den  
  95  7:27  Overlord  
  95  7:28  Overlord  
  94  7:30  Drone  
  94  7:33  Drone x2  
  94  7:36  Zergling x2  
  94  7:37  Zergling x6, Roach x4  
  109  7:53  Roach x2, Zergling x6, Hydralisk x4  
  109  7:54  Zergling x2, Roach x2, Overlord  
  129  7:59  Queen  
  129  8:05  Hydralisk  
  133  8:06  Overlord x2  
  133  8:30  Drone x15  
  133  8:31  Drone  
  133  8:32  Overlord x3  
  149  8:38  Hydralisk x2  
  149  8:39  Roach, Zergling x2  
  156  8:47  Zergling x2, Hydralisk x2  
  156  8:48  Roach, Zergling x2  
  154  8:57  Hydralisk x3  
  154  8:58  Zerg Ground Armor Level 2, Roach x3, Zergling x6  
  154  8:59  Zerg Missile Weapons Level 2  
  166  9:05  Hydralisk  
  166  9:06  Roach  
  158  9:18  Hydralisk  
  158  9:19  Roach x3, Zergling x8, Hydralisk x3  
  158  9:20  Roach, Zergling x2  
  160  9:30  Zergling x2, Hydralisk x3  
  160  9:31  Roach x3, Zergling x4  
  169  9:38  Lurker Den  
  169  9:41  Roach, Zergling x4, Hydralisk x2  
  175  9:51  Extractor  
  175  9:52  Hydralisk x2  
  174  9:53  Roach, Zergling x4  
  174  9:57  Overlord x2  
  174  9:58  Pneumatized Carapace  
  182  10:04  Extractor  
  182  10:06  Extractor  
  180  10:28  Hydralisk x3  
  169  10:29  Roach x4, Zergling x8, Hydralisk  
  172  10:38  Hydralisk  
  172  10:39  Roach x3, Zergling x8, Hydralisk x3  
  172  10:40  Roach  
  164  10:44  Zergling x2, Hydralisk  
  130  10:50  Zergling x2, Hydralisk  
  130  10:52  Lurker x2  
  130  10:53  Lurker  
  130  10:54  Hydralisk  
  130  10:55  Zergling x2  
  131  10:58  Hydralisk  
  122  11:05  Hydralisk  
  122  11:06  Roach, Zergling x2  
  122  11:09  Hydralisk  
  103  11:17  Hydralisk  
  103  11:18  Roach, Zergling x2  
  86  11:27  Roach, Zergling x2, Hydralisk x2  
  86  11:32  Zergling x2, Hydralisk  
  93  11:37  Hydralisk  
  93  11:38  Zergling x2  
  92  11:47  Roach, Zergling x2, Drone, Hydralisk  
  84  11:52  Hydralisk  
  84  12:05  Infestation Pit  
  83  12:13  Lurker x4  
  88  12:15  Zergling x4  
  88  12:16  Zergling x12  
  88  12:18  Queen  
  97  12:28  Roach x2, Zergling x6, Hydralisk x2  
  108  12:34  Overseer  
  108  12:39  Hatchery  
  108  12:42  Infestation Pit  
  102  12:52  Hatchery  
  101  13:02  Zergling x2, Hydralisk x4  
  101  13:03  Zergling x12, Roach x4  
  124  13:08  Hydralisk  
  126  13:16  Hydralisk x2  
  120  13:38  Hydralisk x3  
  120  13:39  Roach x3, Zergling x8  
  109  13:43  Hydralisk  
  101  13:57  Lurker  
  101  13:59  Lurker  
  103  14:10  Lurker  
  104  14:21  Hatchery  
  79  14:31  Hydralisk  
  79  14:32  Hydralisk x4  
  80  14:43  Zergling x4, Hydralisk x2  
  80  14:44  Roach, Zergling x4  
  84  14:55  Extractor  
  83  15:04  Hydralisk x3  
  83  15:05  Roach x3, Zergling x6  
Tags
 
Add a new tag
Caveats
  • Supply blocks, unpowered buildings, or Contaminate may cause inaccurate times.
  • Supply counts are checked every 10 seconds.